[Event "10th Cherry Blossom Classic 2023"]
[Site "Dulles"]
[Date "2023.05.26"]
[Round "2.18"]
[White "Matviishen, Viktor"]
[Black "Altman, Joshua"]
[Result "1-0"]
[ECO "E16"]
[WhiteElo "2538"]
[BlackElo "2120"]
[Annotator "TA"]
[PlyCount "125"]
[EventDate "2023.05.24"]
[EventType "swiss"]
[EventCountry "USA"]
[SourceTitle "playchess.com"]
[Source "ChessBase"]
[SourceQuality "1"]
[TimeControl "5400+30"]

1. d4 Nf6 2. c4 e6 3. Nf3 b6 4. g3 Bb7 5. Bg2 Bb4+ 6. Nbd2 O-O 7. O-O Bxd2 8. Qxd2 d6 9. b3 Nbd7 10. Bb2 {[%emt 0:00:08][%cal Od4d5] E16: Queen's Indian: 4 g3 Bb7 5 Bg2 Bb4+.} h6 {[%emt 0:01:59] [#]} (10... Re8 $11 {remains equal.}) 11. d5 $146 ({Predecessor:} 11. Rfe1 Be4 12. Qc3 c6 13. Nd2 Bxg2 14. Kxg2 d5 15. e4 Qb8 16. Rac1 Rc8 17. Qf3 {0-1 Deac,B (2692)-Martinez Alcantara,J (2591) Titled Tuesday intern op 12th Jul Early blitz 2022 (7)}) 11... e5 (11... Rb8 12. Nh4) 12. Nh4 {[%emt 0:00:23] White is better.} a5 13. f4 e4 14. Nf5 Nc5 15. Ne3 {[%emt 0:00:57] White has more active pieces.} Bc8 16. h3 Ne8 17. Qe1 f5 18. g4 Bd7 19. Qg3 Nf6 (19... Qe7 $1 $14) 20. Kh2 Qe8 21. Rg1 (21. gxf5 {seems wilder.} Nh5 22. Qg4 Qf7 23. Bd4) 21... Qg6 22. Bf1 (22. Nxf5 {simplifies} Bxf5 23. gxf5 Qxg3+ 24. Kxg3 b5 25. cxb5 Rab8 26. e3) 22... fxg4 23. hxg4 h5 (23... Kf7 $16) 24. f5 $18 Nxg4+ $2 (24... Qh7 $16) 25. Nxg4 Qxg4 26. Qe3 Qh4+ 27. Bh3 Rf7 28. Raf1 (28. Qh6 $18 Qxh3+ {[%mdl 64] Remove Defender} 29. Kxh3 Bxf5+ 30. Kh2) 28... Bxf5 $16 {[%emt 0:01:27] [#]} 29. Qc3 {[%emt 0:16:07][%cal Rg1g7] Some like it hot} Qxh3+ 30. Qxh3 Bxh3 31. Rxf7 {[%emt 0:00:01][%mdl 64] Remove Defender} Kxf7 32. Rxg7+ Kf8 33. Kxh3 {[%emt 0:00:02][%mdl 4096] Endgame KRB-KRN} Rc8 34. Kh4 ({Better is} 34. Rh7 $16 {Threatens to win with Rh8+.} Ke8 35. Rxh5) 34... c6 $1 $14 35. Kxh5 cxd5 36. cxd5 {[%emt 0:00:01] Strongly threatening Rh7.} Rd8 $2 ({Black should play} 36... Na6 $1 $14) 37. Rh7 {[%emt 0:01:37] Kg6 is the strong threat.} Rd7 38. Rh8+ Kf7 39. Kg5 e3 (39... Na6 $16 {is a better defense.} 40. Bd4 b5) 40. Kf5 b5 $2 (40... a4 41. bxa4 Nxa4) 41. Ra8 $18 b4 42. Bd4 {[%emt 0:00:17] Hoping for Bxc5.} ({Not} 42. Rxa5 Nd3 $18) 42... a4 $2 (42... Rc7 43. Rxa5 Nd7) 43. bxa4 b3 44. axb3 (44. Bxe3 $2 {perishes.} b2 45. Rb8 Nb7 $19) 44... Nxb3 45. Bxe3 {[%emt 0:00:09] Threatening mate with Ra7.} Re7 46. Ra7 {[%emt 0:00:10] White mates.} Rxa7 47. Bxa7 {[%emt 0:00:01] KB-KN} Ke7 48. Ke4 Kd7 49. Kd3 Kc7 50. Kc2 Na5 51. Kc3 Nb7 52. Kb4 Nd8 53. Kb5 Nf7 54. a5 Ng5 55. Bb6+ Kb7 56. a6+ Ka8 57. Kc6 Ne4 58. e3 Kb8 59. a7+ Ka8 60. Bd4 Ng3 61. Kxd6 Nf5+ 62. Ke6 Ng3 63. d6 {[%emt 0:00:06] Weighted Error Value: White=0.20 (precise) /Black=0.47} 1-0

[Event "10th Cherry Blossom Classic 2023"]
[Site "Dulles"]
[Date "2023.05.26"]
[Round "2.19"]
[White "Martin, Sam B"]
[Black "Williams, Justus"]
[Result "0-1"]
[ECO "A54"]
[WhiteElo "2067"]
[BlackElo "2396"]
[Annotator "TA"]
[PlyCount "94"]
[EventDate "2023.05.24"]
[EventType "swiss"]
[EventCountry "USA"]
[SourceTitle "playchess.com"]
[Source "ChessBase"]
[SourceQuality "1"]
[TimeControl "5400+30"]

1. d4 Nf6 2. c4 d6 3. Nc3 e5 4. Nf3 e4 5. Ng5 Qe7 6. Qc2 Bf5 7. h4 {[%emt 0:02:45] A54: Old Indian Defence with Nf3, but without e4.} h6 8. Nh3 (8. g4 $5 Bg6 9. Nh3 $11 (9. Qa4+ Qd7 $15)) 8... Nc6 9. e3 {[%emt 0:01:45] White is slightly better.} g5 10. Nd5 Qd8 {[%emt 0:00:39] [#]} (10... Nxd5 $142 11. cxd5 Nb8) 11. f3 $146 ({Predecessor:} 11. Bd2 Bg7 12. O-O-O Qd7 13. Be2 Nxd5 14. cxd5 Nxd4 15. exd4 e3 16. Bd3 Bxd3 17. Qxd3 exd2+ 18. Qxd2 {1-0 Lautier,J (2672)-Glek,I (2575) Corsica op rapid 2005 (3)}) 11... Bg6 (11... Bg7 $142) 12. fxe4 $1 Nxe4 $2 (12... Nxd5 $16 {was called for.} 13. cxd5 Ne7) 13. Bd3 $18 f5 {[%emt 0:07:48] [#]} 14. g4 $1 {[%emt 0:02:29][%cal Bg2g4,Bg4f5,Bf5e6][%mdl 544] aiming for gxf5.} Ng3 15. gxf5 Bf7 16. Rg1 gxh4 17. Nhf4 Bg7 18. Ne6 (18. Bd2 $142) 18... Bxe6 19. fxe6 O-O 20. Qg2 Qg5 21. Bd2 {[%emt 0:02:22] 0-0-0 would be deadly.} (21. Nxc7 $2 Qa5+ 22. Bd2 Qxc7 $19) 21... Rae8 22. e7 (22. Nxc7 Nb4 23. Be4 (23. Bxb4 $2 Qxe3+ 24. Be2 Bxd4 $19) 23... Re7 $17) 22... Rf7 23. Qh3 (23. Nxc7 Rexe7 24. Nd5 Nxd4 25. Nxe7+ Qxe7 $17) (23. O-O-O $18 {has better winning chances.}) 23... Nxe7 (23... Nxd4 $2 24. exd4 Rfxe7+ 25. Kd1 $18) (23... h5 $16) 24. Nxc7 (24. Qe6 c6 25. Nf4 Qf6 $11) 24... Rc8 {[%emt 0:04:14] [#]} 25. Nd5 Rcf8 $2 ({Black should try} 25... Re8 $1 $14 26. e4 (26. Qe6 Qh5 $14) 26... Qg6 27. Qxh4 Rf3) 26. Nf4 Bxd4 27. O-O-O (27. exd4 $6 Rxf4 28. Qe6+ Kh8 $16) 27... Rxf4 28. exf4 Qf6 {[%emt 0:00:13] Against Qe6+} 29. Rge1 Bxb2+ (29... Nef5 $142) 30. Kc2 $1 Nc6 $2 (30... Nef5 31. Rb1 Bd4 32. Rxb7 Kh8) 31. Qd7 $2 (31. Rb1 $18 {is more deadly.} Ba1 32. Rxa1 Nd4+ 33. Kb2 Nb5+ 34. Kb3 Nd4+ 35. Ka3) 31... Qg7 $16 32. Qh3 (32. Qxd6 $16 {Black must now prevent Qd5+.} Bf6 33. Qd5+ Kh8 34. Re3) 32... Bf6 {[%emt 0:00:39] [#]} (32... Qf6 $1 $11 33. Rb1 (33. Qd7 Qg7 $16) 33... Ba1 34. Rxa1 Nd4+ 35. Kb2 Ne6+ 36. Bc3 Nxf4 37. Bxf6 Nxh3 38. Bxh4 Nf5) 33. Rg1 ({White should play} 33. Re3 $1 $16 {Threatens to win with Rg1.} Qf7 34. Rg1 Nd4+ 35. Kc1) 33... Nd4+ 34. Kb1 {[%emt 0:00:01] Rg2 is the strong threat.} Qc7 {[%emt 0:00:20] [#]} (34... Nf3 $11 {keeps the balance.}) 35. Rde1 ({Better is} 35. Rxg3+ $1 $16 hxg3 36. Qxg3+ Qg7 37. Qe3) 35... Kh8 $2 (35... Bg7 $11) 36. Rxg3 $1 $18 hxg3 37. Qxh6+ Kg8 38. Be4 {[%emt 0:01:14] Intending Bd5+ and mate.} (38. Qg6+ Qg7 $18) 38... Ne6 39. Bd5 {[%emt 0:00:26] This pair of bishops is nice. Black is weak on the light squares} Qb6+ 40. Kc1 Qb2+ 41. Kd1 Qb1+ 42. Ke2 Qf5 43. Kf3 Re8 44. Kxg3 $2 (44. Bxb7 $2 Bg7 45. Rxe6 Bxh6 $19) (44. Kg2 $18) 44... Kf7 $1 $11 45. Be4 $2 (45. Bxb7 $2 {loses.} Qd3+ 46. Be3 Rh8 $19) (45. Qh3 $14 {keeps the upper hand.} Rg8+ 46. Kh2) 45... Rg8+ $19 46. Kf2 $2 (46. Kh2 Qg4 47. Qh7+ (47. Bxb7 $2 {perishes.} Qg3+ 48. Kh1 Rh8 $19) (47. f5 $2 Be5+ 48. Kh1 Rh8 $19) 47... Kf8 48. Qh6+ Ke7 49. Bd5) 46... Bd4+ 47. Kf3 Qg4# {[%emt 0:01:45] Ingenious play by Williams!   Weighted Error Value: White=0.91/Black=0.57} 0-1

[Event "10th Cherry Blossom Classic 2023"]
[Site "Dulles"]
[Date "2023.05.26"]
[Round "2.20"]
[White "Tahmassebi, Bijan"]
[Black "Senft, Sean"]
[Result "0-1"]
[ECO "B48"]
[WhiteElo "2201"]
[BlackElo "2089"]
[Annotator "TA"]
[PlyCount "94"]
[EventDate "2023.05.24"]
[EventType "swiss"]
[EventCountry "USA"]
[SourceTitle "playchess.com"]
[Source "ChessBase"]
[SourceQuality "1"]
[TimeControl "5400+30"]

1. e4 c5 2. Nf3 e6 3. d4 cxd4 4. Nxd4 Nc6 5. Nc3 Qc7 6. Be3 a6 7. Qf3 {[%emt 0:00:40] B48: Sicilian: Taimanov: 5 Nc3 Qc7 6 Be3 a6 without Be2.} Nf6 8. O-O-O Ne5 9. Qg3 {[%emt 0:00:33] White is slightly better.} b5 $1 10. f4 Neg4 11. Bg1 b4 {[%emt 0:01:27] [#]} 12. Nd5 $146 ({Predecessor:} 12. Na4 Nh6 13. Bd3 Nh5 14. Qf3 Nxf4 15. Kb1 Ng6 16. Nb3 Be7 17. Bb6 Qb8 18. Be3 {1-0 Nepomniachtchi,I (2705)-Matlakov,M (2689) Wch Rapid Berlin 2015 (7)}) 12... exd5 $17 13. e5 {[%emt 0:00:17] [#]} Nxe5 14. fxe5 Ne4 {[%emt 0:00:27][%mdl 64] Deflection} 15. Qb3 Bb7 $1 (15... Qxe5 $6 16. Nf3 Qc7 17. Rxd5 $11) 16. Nf3 Rc8 17. Bd3 (17. Nd2 $17) 17... Bc5 18. Bxe4 dxe4 19. Ng5 O-O (19... Qxe5 $2 20. Qxf7+ Kd8 21. Rxd7#) 20. Bxc5 Qxc5 21. Rxd7 Rc7 {[%emt 0:13:51] Some like it hot} (21... Qxe5 $6 22. Nxf7 Qf4+ 23. Kb1 Rxf7 24. Rxb7 $11) 22. Rxc7 ({But not} 22. Ne6 $2 fxe6 23. Rxc7 Qxc7 $19) 22... Qxc7 23. Qxb4 Qxe5 24. Qxb7 {[%emt 0:02:15] aiming for h4.} Qxg5+ {[%emt 0:00:07][%mdl 4096] Endgame KQR-KQR} 25. Kb1 Qxg2 26. Re1 Rd8 {[%emt 0:05:55] Threatens to win with ...Qd2.} 27. a4 f5 (27... h6 $17 {White must now prevent ...Re8.} 28. Qe7 Rc8 29. Qxe4 Qxh2) 28. Qxa6 $15 Qd2 $36 {[%emt 0:03:55][%mdl 2048] Black is more active.} ({Much less strong is} 28... Qxh2 29. Qe6+ Kh8 30. Qxf5 $16) 29. Qc4+ $2 (29. Qe6+ $1 $15 Kh8 30. Rf1) 29... Kh8 $19 30. Qe2 (30. Qc3 Qxc3 31. bxc3) 30... Qb4 $2 (30... Qxe2 31. Rxe2 Re8) 31. Rd1 (31. b3 Ra8 32. Ka2) 31... Rxd1+ 32. Qxd1 {[%emt 0:00:03] KQ-KQ} h6 $2 (32... Qxa4 $2 {is a self mate.} 33. Qd8+) (32... Qf8 $1 $19 {is more deadly. Strongly threatening ...f4.} 33. a5 f4) 33. c3 $2 (33. Qd8+ $17 Kh7 34. Qd5) 33... Qc5 $2 (33... Qe7 $19 {has better winning chances.} 34. Kc2 e3) 34. Qd4 $2 {[%emt 0:01:50] [#] Prevents f4} (34. Qd8+ $17 Kh7 35. Qd4) 34... Qe7 $1 {[%emt 0:01:06] ...e3 would be deadly.} 35. Qe3 Qe5 36. Qd4 {[%emt 0:00:23] [#]} Qe8 37. Kc1 $2 (37. Qe3 {only move.} Qxa4 38. Kc1) 37... f4 38. Kd2 e3+ $2 (38... Qg6 $19 {...e3+ is the strong threat.} 39. Ke1 Qf5) 39. Ke1 $11 f3 {[%emt 0:03:25] ( -> ...f2+)} 40. Qf4 $1 f2+ 41. Ke2 Qe6 {[%emt 0:01:19] And now ...Qa6+ would win.} 42. Qf8+ $2 (42. c4 $11) 42... Kh7 {[%emt 0:00:04] Black mates.} 43. Qf4 g5 44. Qd4 Qf5 45. Qa7+ Kg6 46. Qa6+ Kh5 47. Kf1 Qh3+ {[%emt 0:00:07] Artfully played by Senft.   Weighted Error Value: White=0.83/Black=0.50} 0-1

[Event "10th Cherry Blossom Classic 2023"]
[Site "Dulles"]
[Date "2023.05.26"]
[Round "2.21"]
[White "Michelle Catherina, P."]
[Black "Prem, Pranav"]
[Result "0-1"]
[ECO "B90"]
[WhiteElo "2193"]
[BlackElo "2061"]
[Annotator "TA"]
[PlyCount "150"]
[EventDate "2023.05.24"]
[EventType "swiss"]
[EventCountry "USA"]
[SourceTitle "playchess.com"]
[Source "ChessBase"]
[SourceQuality "1"]
[TimeControl "5400+30"]

1. e4 c5 2. Nf3 d6 3. d4 cxd4 4. Nxd4 Nf6 5. Nc3 a6 6. Nb3 h6 {[%emt 0:05:30] B90: Sicilian Najdorf: Unusual White 6th moves, 6 Be3 Ng4 and 6 Be3 e5.} 7. Be3 {[%emt 0:06:06] [#]} Nbd7 $146 ({Predecessor:} 7... e6 8. a4 Be7 9. a5 O-O {0-1 Pech,J-Hoeppenstein,M DESC GS019 email 2009 (5)}) 8. a4 b6 {[%emt 1:22:04] The position is equal.} 9. f4 e5 10. fxe5 dxe5 11. Nd5 {[%emt 0:06:57][%cal Od5b6] Prevents Bb4+} Bd6 (11... Nxe4 12. Qf3 Nd6 13. Nf6+ Qxf6 14. Qxa8) 12. Bc4 O-O (12... Nxe4 13. O-O (13. Qg4 Ng5 $16) 13... Nef6 14. Nc3 $16) (12... Bb7 $5 ) 13. O-O Bb7 14. Qd3 ({White should play} 14. Rxf6 $14 Nxf6 15. Bxb6) 14... Nxd5 $11 15. Bxd5 Bxd5 16. Qxd5 Nf6 17. Qd3 Be7 18. Qxd8 {[%emt 0:11:58][%mdl 64] Remove Defender} Rfxd8 19. Bxb6 Rdc8 20. c3 Rab8 21. a5 Nd7 22. Ra2 Nxb6 23. axb6 Rxb6 24. Nd2 Bc5+ 25. Kh1 Be3 26. Nf3 Rc4 (26... Rcb8 $5 ) 27. Re1 Rxe4 28. Nd2 Bxd2 29. Rxe4 {[%emt 0:00:29] [#]} Bxc3 $1 {[%emt 0:00:00][%mdl 4160] Endgame Back Rank. KRR-KRB} 30. g4 (30. Rc4 Bxb2) 30... Bd4 31. Kg2 g6 32. Re2 Kg7 33. h3 (33. Rc2 $11) 33... f5 $17 {[%emt 0:01:30] Black is more active.} 34. b4 Kf6 $1 ({Much worse is} 34... Rxb4 $6 35. Rxa6 h5 36. gxf5 gxf5 37. Rc2 $11) 35. Ra4 Bc3 ({Black should try} 35... h5 $17 36. Kg3 hxg4 37. hxg4 Kg5) 36. Rea2 $11 Rxb4 37. Rxb4 Bxb4 38. Rxa6+ {[%emt 0:00:01] KR-KB} Kg5 39. Ra4 Be1 40. Kf3 e4+ 41. Ke3 Bg3 42. Ra5 Bf4+ 43. Ke2 h5 44. gxf5 gxf5 45. Rb5 Bc1 46. Rc5 Ba3 47. Ra5 Bd6 48. Rd5 Bc7 49. Rc5 Bh2 50. Rb5 h4 51. Rd5 Kf6 52. Ke3 Kg5 53. Rb5 Bg1+ 54. Ke2 Kf6 55. Rb1 Bd4 56. Rb4 Ke5 {[%emt 0:01:24] White must now prevent ...f4.} 57. Rb5+ Ke6 {[%emt 0:00:12] Threatens to win with ...f4.} 58. Rb4 Kd5 {Strongly threatening ...f4.} 59. Rb7 f4 60. Rf7 Be5 61. Rf5 Ke6 62. Rh5 Bf6 63. Ra5 $2 (63. Kf2 $11) 63... Bd4 $1 $19 64. Ra6+ Kd5 {[%emt 0:00:32] ( -> ...f3+)} 65. Ra3 Bc5 66. Rc3 $2 {[%emt 0:00:29][%mdl 8192] [#]} (66. Ra4 $15 f3+ 67. Kf1) 66... Kd4 $1 {[%emt 0:00:17] Black mates.} 67. Rb3 Kc4 68. Rb8 f3+ 69. Kf1 {[%emt 0:00:31] [#]} e3 $1 70. Re8 Kd3 ({Not} 70... e2+ 71. Rxe2 fxe2+ 72. Kxe2 $11) 71. Rd8+ Bd4 72. Kg1 e2+ 73. Kh2 f2 ({Weaker is} 73... e1=R 74. Rxd4+ Ke2 75. Rd2+ Ke3 76. Rd3+ Kf4 77. Rxf3+ Kxf3 $11) 74. Rf8 e1=Q 75. Rf3+ Kc4 {[%emt 0:00:05] Weighted Error Value: White=0.07 (flawless) /Black=0.06 (flawless)} 0-1

[Event "10th Cherry Blossom Classic 2023"]
[Site "Dulles"]
[Date "2023.05.26"]
[Round "2.22"]
[White "Prabhu, Naveen"]
[Black "Hu, Merric"]
[Result "1-0"]
[ECO "B31"]
[WhiteElo "2138"]
[BlackElo "2022"]
[Annotator "RC"]
[PlyCount "67"]
[EventDate "2023.05.24"]
[EventType "swiss"]
[EventCountry "USA"]
[SourceTitle "playchess.com"]
[Source "ChessBase"]
[SourceQuality "1"]
[TimeControl "5400+30"]

1. e4 c5 2. Nf3 Nc6 3. Bb5 g6 4. Bxc6 bxc6 5. d4 Bg7 6. dxc5 Qa5+ 7. Nbd2 Ba6 8. Rb1 Qxa2 9. b4 Bc4 10. e5 Nh6 11. Bb2 Be6 12. O-O O-O 13. Qc1 Rfb8 14. Ra1 Qd5 15. c4 Qd3 16. Ra3 Qf5 17. Bc3 g5 18. Re1 Qg6 19. Nd4 Nf5 20. Nxe6 Qxe6 21. Qc2 Nh4 22. Qe4 Rb7 23. Nf1 f5 24. exf6 Qxe4 25. Rxe4 Bxf6 26. Bd2 Kf7 27. Ng3 Kg6 28. f4 gxf4 29. Rxf4 e5 30. Rg4+ Kf7 31. Ne4 Nf5 32. Rf3 Ke6 33. Nxf6 Kxf6 34. Rg5 1-0

[Event "10th Cherry Blossom Classic 2023"]
[Site "Dulles"]
[Date "2023.05.26"]
[Round "2.23"]
[White "Diao, Matthew Guo"]
[Black "Girsh, Daniel"]
[Result "0-1"]
[ECO "D46"]
[WhiteElo "1973"]
[BlackElo "2123"]
[Annotator "RC"]
[PlyCount "124"]
[EventDate "2023.05.24"]
[EventType "swiss"]
[EventCountry "USA"]
[SourceTitle "playchess.com"]
[Source "ChessBase"]
[SourceQuality "1"]
[TimeControl "5400+30"]

1. d4 Nf6 2. c4 e6 3. Nf3 d5 4. Nc3 c6 5. e3 Nbd7 6. Bd3 dxc4 7. Bxc4 b5 8. Bd3 Bd6 9. O-O O-O 10. Qc2 Bb7 11. Rd1 Qe7 12. e4 e5 13. Ne2 c5 14. dxc5 Nxc5 15. Ng3 g6 16. Bg5 Qe6 17. Bxf6 Qxf6 18. Bxb5 Rac8 19. Qe2 Bc7 20. Qe3 Bb6 21. Qg5 Qxg5 22. Nxg5 h6 23. Nf3 Nxe4 24. Nxe4 Bxe4 25. Nd2 Bd5 26. Rac1 Bxa2 27. b3 Rxc1 28. Rxc1 Rd8 29. Rc2 Bb1 30. Nxb1 Rd1+ 31. Bf1 Rxb1 32. g3 Rxb3 33. Bc4 Rb1+ 34. Kg2 Kg7 35. Rd2 Rc1 36. Ba2 Bd4 37. Kf3 f5 38. h4 Kf6 39. Ke2 Rc3 40. Bd5 Rc5 41. Bb3 Rc3 42. Bd5 a5 43. Ra2 Rc5 44. Bg8 Bc3 45. Rc2 a4 46. Ba2 e4 47. f3 Bd4 48. Rxc5 Bxc5 49. f4 a3 50. Bc4 Bd4 51. Bb3 Ke7 52. Bc4 Kd6 53. Bf7 Kc5 54. Kd1 Bf2 55. Kc2 Bxg3 56. Bxg6 e3 57. Bh5 Bxf4 58. Be2 Kd4 59. Kb3 Bd6 60. h5 Ke4 61. Bb5 Kf3 62. Bc6+ Kf2 0-1